[Event "Titled Tuesday Blitz August 22 Early 2023"]
[White "kaanadayhamle"]
[Black "Omariev, Maksim"]
[BlackFideId "4193423"]
[WhiteElo "2334"]
[BlackElo "2474"]
[Result "1-0"]
[Round "6"]
[TimeControl "180+1"]
[Date "2023.08.22"]
[WhiteClock "0:00:07"]
[BlackClock "0:00:00"]
[Board "157"]

1. e4 c5 2. Nf3 d6 3. Bb5+ Nd7 4. c4 a6 5. Ba4 e5 6. Nc3 g6 7. O-O Bg7 8. d3 Ne7 9. Ne1 O-O 10. Nc2 f5 11. Bg5 Nf6 12. Ne3 f4 13. Ned5 Be6 14. f3 Rb8 15. Rb1 h6 16. Bxf6 Bxf6 17. Nxf6+ Rxf6 18. b4 b6 19. bxc5 dxc5 20. Nd5 Bxd5 21. cxd5 b5 22. Bb3 Nc8 23. Qd2 Qd6 24. Rfc1 Nb6 25. Qc3 Nd7 26. Rc2 Kf8 27. Rbc1 Ke7 28. Qa5 g5 29. a4 Qb6 30. Qxb6 Rbxb6 31. axb5 axb5 32. Ra1 h5 33. Ra7 Kd6 34. Rca2 g4 35. Bd1 Rg6 36. R2a6 g3 37. Rxb6+ Nxb6 38. h3 c4 39. dxc4 bxc4 40. Kf1 Kc5 41. Ke2 Kd4 42. Kd2 c3+ 43. Kc2 Nc4 44. Ra4 Rb6 45. Be2 Rb2+ 46. Kd1 Rd2+ 47. Ke1 Rd3 48. Bxd3 Kxd3 49. Rxc4 Kxc4 50. Kd1 Kc5 51. Kc2 Kd4 52. d6 Ke3 53. d7 Kf2 54. d8=Q Kxg2 55. Kxc3 Kxh3 56. Qg5 h4 57. Qg4+ Kg2 58. Qxh4 Kxf3 59. Qh3 Kxe4 60. Qg2+ Ke3 61. Kc2 e4 62. Kd1 Kd3 63. Qd2+ Kc4 64. Ke1 e3 65. Qd6 f3 66. Qxg3 f2+ 67. Ke2 f1=Q+ 68. Kxf1 Kd3 69. Ke1 Kc2 70. Qxe3 Kb2 71. Qc5 Ka1 72. Qb6 1-0


[Site "https://www.chess.com"]

[Event "Titled Tuesday Blitz August 22 Early 2023"]
[White "Gavilan Diaz, Mario"]
[Black "Battlecruiser_Operational"]
[WhiteFideId "2260905"]
[WhiteElo "2473"]
[BlackElo "2332"]
[Result "1-0"]
[Round "6"]
[TimeControl "180+1"]
[Date "2023.08.22"]
[WhiteClock "0:00:05"]
[BlackClock "0:00:00"]
[Board "158"]

1. d4 e6 2. c4 f5 3. Nc3 Nf6 4. Bg5 Be7 5. Qc2 h6 6. Bxf6 Bxf6 7. O-O-O b6 8. e4 fxe4 9. Nxe4 Bb7 10. Nf3 Nc6 11. a3 Qe7 12. d5 Ne5 13. Nxf6+ Qxf6 14. Nxe5 Qxe5 15. Qg6+ Ke7 16. Bd3 Qg5+ 17. Kb1 Qxg6 18. Bxg6 Rhf8 19. f3 e5 20. b4 a5 21. Kb2 axb4 22. axb4 Ra4 23. Kc3 Rfa8 24. Bc2 Ra2 25. Rb1 b5 26. Be4 d6 27. c5 Rxg2 28. Ra1 Raa2 29. Rhg1 Bc8 30. Rxa2 Rxg1 31. Ra8 Bh3 32. Ra7 Kd8 33. Ra8+ Kd7 34. Ra7 dxc5 35. bxc5 Rd1 36. d6 Rd4 37. Rxc7+ Ke6 38. Re7+ Kf6 39. Rb7 Rc4+ 40. Kd3 Rxc5 41. d7 Ke7 42. Rb8 Kxd7 43. Rg8 Ke7 44. Rxg7+ Kf6 45. Rh7 1-0


[Site "https://www.chess.com"]

[Event "Titled Tuesday Blitz August 22 Early 2023"]
[White "Coelho, Ramyres Santana"]
[Black "Reprintsev, Alexander"]
[WhiteFideId "2120690"]
[BlackFideId "14100541"]
[WhiteElo "2326"]
[BlackElo "2472"]
[Result "0-1"]
[Round "6"]
[TimeControl "180+1"]
[Date "2023.08.22"]
[WhiteClock "0:00:50"]
[BlackClock "0:01:41"]
[Board "159"]

1. e4 d5 2. exd5 Qxd5 3. Nc3 Qd6 4. Nf3 c6 5. Ne4 Qe6 6. Qe2 Nf6 7. Nxf6+ exf6 8. Qxe6+ fxe6 9. d4 c5 10. dxc5 Bxc5 11. Bb5+ Bd7 12. Bxd7+ Nxd7 13. O-O Kf7 14. c3 Rhd8 15. Rd1 Nb6 16. Bf4 Nc4 17. b3 Nb2 18. Rd2 Rxd2 19. Bxd2 Rd8 20. Rb1 Nd3 21. Be3 Bxe3 22. fxe3 Nc5 23. c4 Ne4 24. Kf1 Rd2 25. Nxd2 Nxd2+ 26. Ke2 Nxb1 27. Kd3 f5 28. Kc2 Na3+ 29. Kb2 Nxc4+ 30. bxc4 e5 31. Kb3 Ke6 32. Kb4 Kd6 33. Kb5 g5 34. a4 f4 35. exf4 gxf4 36. a5 a6+ 37. Kb6 e4 38. c5+ Kd5 39. c6 bxc6 40. Kxa6 e3 41. Kb7 e2 42. a6 e1=Q 43. a7 Qb4+ 44. Kc8 Qa5 45. Kb7 Qb5+ 46. Kc8 Qa6+ 47. Kb8 Qb6+ 48. Ka8 Qc7 49. g3 Qc8# 0-1


[Site "https://www.chess.com"]

[Event "Titled Tuesday Blitz August 22 Early 2023"]
[White "Skaric, Djuro"]
[Black "Fernandez Lopez, Ruben"]
[WhiteFideId "934569"]
[BlackFideId "24518298"]
[WhiteElo "2326"]
[BlackElo "2471"]
[Result "1-0"]
[Round "6"]
[TimeControl "180+1"]
[Date "2023.08.22"]
[WhiteClock "0:01:17"]
[BlackClock "0:02:22"]
[Board "160"]

1. g3 e6 2. Bg2 h5 3. Nf3 Nc6 4. d4 Be7 5. c4 h4 6. Nc3 hxg3 7. fxg3 Nf6 8. e4 d5 9. e5 Ne4 10. cxd5 exd5 11. Be3 Bg4 12. Qa4 Qd7 13. Nxe4 dxe4 14. Nd2 Bb4 15. O-O Bxd2 16. Bxd2 Qxd4+ 17. Qxd4 Nxd4 18. Bxe4 O-O-O 19. Rxf7 Ne2+ 20. Kf2 Rxd2 21. Ke3 Rxb2 22. Rxg7 Be6 23. h4 Nc3 24. Re7 Bg4 25. Kf4 Rf8+ 26. Kxg4 Nxe4 27. Rg7 Rg2 28. Kh3 Rff2 29. Rh1 Rxa2 30. e6 Rge2 31. Rg8# 1-0


[Site "https://www.chess.com"]

[Event "Titled Tuesday Blitz August 22 Early 2023"]
[White "Kaganskiy, Gleb"]
[Black "Seletsky, Grigory"]
[WhiteFideId "4132025"]
[BlackFideId "14112191"]
[WhiteElo "2316"]
[BlackElo "2465"]
[Result "0-1"]
[Round "6"]
[TimeControl "180+1"]
[Date "2023.08.22"]
[WhiteClock "0:01:26"]
[BlackClock "0:01:03"]
[Board "161"]

1. e4 c5 2. Nf3 d6 3. Nc3 a6 4. d4 cxd4 5. Nxd4 Nf6 6. Bg5 e6 7. f4 Nbd7 8. Be2 Qb6 9. Nb3 Be7 10. Qd2 h6 11. Bh4 Qc7 12. O-O-O b5 13. Bf3 Bb7 14. Rhe1 Rd8 15. Nd4 O-O 16. g4 Nxe4 17. Nxe4 Bxh4 18. Rg1 Bxe4 19. Bxe4 d5 20. Bd3 Nc5 21. g5 Nxd3+ 22. Qxd3 Qxf4+ 23. Kb1 hxg5 24. Nc6 Rd7 25. Rdf1 Qc4 26. Ne5 Qxd3 27. cxd3 Rc7 28. Rc1 Rfc8 29. Rxc7 Rxc7 30. Rc1 Rxc1+ 31. Kxc1 Bf2 0-1


[Site "https://www.chess.com"]

[Event "Titled Tuesday Blitz August 22 Early 2023"]
[White "Melnichuk, Mikhail"]
[Black "Osinovsky, Stepan"]
[WhiteFideId "14117533"]
[BlackFideId "4157354"]
[WhiteElo "2465"]
[BlackElo "2311"]
[Result "0-1"]
[Round "6"]
[TimeControl "180+1"]
[Date "2023.08.22"]
[WhiteClock "0:00:08"]
[BlackClock "0:00:16"]
[Board "162"]

1. e4 e5 2. Nf3 Nc6 3. Bc4 Nf6 4. Ng5 d5 5. exd5 Na5 6. Bb5+ c6 7. dxc6 bxc6 8. Bd3 Nd5 9. Nf3 Bd6 10. O-O f5 11. Be2 e4 12. Nd4 Qf6 13. Nb3 Nxb3 14. axb3 h5 15. Nc3 Qe5 16. g3 h4 17. d4 Qf6 18. Nxd5 cxd5 19. Be3 g5 20. Bh5+ Ke7 21. gxh4 f4 22. Bd2 g4 23. Bxg4 Bxg4 24. Qe1 Bf3 0-1


[Site "https://www.chess.com"]

[Event "Titled Tuesday Blitz August 22 Early 2023"]
[White "Juicy_Fork"]
[Black "Yeritsyan, Hayk"]
[BlackFideId "13307320"]
[WhiteElo "2305"]
[BlackElo "2461"]
[Result "1-0"]
[Round "6"]
[TimeControl "180+1"]
[Date "2023.08.22"]
[WhiteClock "0:01:02"]
[BlackClock "0:00:04"]
[Board "163"]

1. e4 e5 2. Nf3 d6 3. d4 exd4 4. Nxd4 Nf6 5. Nc3 Be7 6. Bd3 O-O 7. O-O Nc6 8. Nxc6 bxc6 9. h3 Rb8 10. b3 Nd7 11. Bb2 Bf6 12. f4 Re8 13. Qf3 Nc5 14. Rad1 a5 15. a4 Ba6 16. Bxa6 Nxa6 17. e5 Be7 18. Qxc6 Nb4 19. Qe4 Qc8 20. Nd5 dxe5 21. fxe5 Qe6 22. Kh1 Nxd5 23. Rxd5 Rb4 24. Qf3 Rh4 25. Rxa5 Rb8 26. Ra8 Rxa8 27. Qxa8+ Bf8 28. Ba3 Rxh3+ 29. Kg1 Qb6+ 30. Rf2 c5 31. gxh3 h5 32. e6 Qxe6 33. Bxc5 Qxh3 34. Qxf8+ Kh7 35. Rg2 Qc3 36. Rxg7+ Kh6 37. Qh8# 1-0


[Site "https://www.chess.com"]

[Event "Titled Tuesday Blitz August 22 Early 2023"]
[White "Pax-Pramana"]
[Black "AndresDelgado77"]
[WhiteElo "2459"]
[BlackElo "2245"]
[Result "1-0"]
[Round "6"]
[TimeControl "180+1"]
[Date "2023.08.22"]
[WhiteClock "0:00:35"]
[BlackClock "0:00:00"]
[Board "164"]

1. e4 e6 2. d4 d5 3. Nc3 Nf6 4. Bg5 Bb4 5. e5 h6 6. Bc1 Ne4 7. Ne2 c5 8. a3 Qa5 9. axb4 Qxa1 10. Nb5 Na6 11. f3 Bd7 12. Nf4 Qa4 13. fxe4 Bxb5 14. b3 Qxb4+ 15. Bd2 Qxd4 16. Bxb5+ Ke7 17. exd5 Qxe5+ 18. Kf2 g5 19. Nd3 Qxd5 20. Re1 Nc7 21. Bc4 Qd4+ 22. Be3 Qh4+ 23. Kg1 b6 24. Ne5 Nd5 25. Bxd5 exd5 26. Ng6+ fxg6 27. Bxg5+ Kd6 28. Bxh4 1-0


[Site "https://www.chess.com"]

[Event "Titled Tuesday Blitz August 22 Early 2023"]
[White "le-castor-faineant"]
[Black "Serban, Cristian-Stefan"]
[BlackFideId "1241443"]
[WhiteElo "2243"]
[BlackElo "2459"]
[Result "1-0"]
[Round "6"]
[TimeControl "180+1"]
[Date "2023.08.22"]
[WhiteClock "0:01:05"]
[BlackClock "0:00:24"]
[Board "165"]

1. e4 g6 2. d4 Bg7 3. Nc3 a6 4. a4 b6 5. Bf4 Bb7 6. Nf3 d6 7. Bd3 Nd7 8. Qd2 e5 9. dxe5 dxe5 10. Bg5 f6 11. Be3 Ne7 12. Bc4 Nc5 13. Bxc5 bxc5 14. Qe3 Qd6 15. Rd1 Qb6 16. b3 h5 17. O-O Bh6 18. Qd3 Bc6 19. Nh4 Bg5 20. Qh3 Bxh4 21. Qxh4 g5 22. Qh3 g4 23. Qh4 Rh6 24. f4 Ng6 25. Qxf6 1-0


[Site "https://www.chess.com"]

[Event "Titled Tuesday Blitz August 22 Early 2023"]
[White "KSho99"]
[Black "Issabayev, Dias"]
[BlackFideId "13703110"]
[WhiteElo "2243"]
[BlackElo "2455"]
[Result "0-1"]
[Round "6"]
[TimeControl "180+1"]
[Date "2023.08.22"]
[WhiteClock "0:01:26"]
[BlackClock "0:02:19"]
[Board "166"]

1. d4 g6 2. Nc3 Bg7 3. Bf4 d5 4. e3 a6 5. Nf3 Nf6 6. Be2 c5 7. dxc5 Qa5 8. O-O Qxc5 9. Rc1 O-O 10. Na4 Qa5 11. Nc3 Nc6 12. a3 Bf5 13. h3 Rfd8 14. Ne5 Ne4 15. Nxe4 dxe4 16. Nxc6 bxc6 17. Qe1 Qxe1 18. Rfxe1 Bxb2 19. Rb1 Bxa3 20. Rb6 a5 21. Rxc6 a4 22. Ra1 Bb2 23. Ra2 a3 24. Bc4 Rdc8 25. Rxc8+ Rxc8 26. Bb3 Be6 27. Kh2 Rxc2 28. Bxe6 fxe6 29. Kg3 g5 30. Bb8 Be5+ 0-1


[Site "https://www.chess.com"]

[Event "Titled Tuesday Blitz August 22 Early 2023"]
[White "Thiel, Thomas"]
[Black "Liu, Casper"]
[WhiteFideId "4615964"]
[BlackFideId "1454153"]
[WhiteElo "2241"]
[BlackElo "2454"]
[Result "0-1"]
[Round "6"]
[TimeControl "180+1"]
[Date "2023.08.22"]
[WhiteClock "0:00:00"]
[BlackClock "0:00:03"]
[Board "167"]

1. e4 c5 2. Nc3 a6 3. Nge2 Qa5 4. g3 h5 5. h4 Nh6 6. Bg2 Ng4 7. O-O g5 8. d3 gxh4 9. gxh4 Rg8 10. Ng3 Nc6 11. Bd2 Qc7 12. Nd5 Qd8 13. Bg5 f6 14. Nxh5 d6 15. f3 Nge5 16. Bf4 Bh3 17. Bg3 Bxg2 18. Kxg2 Bh6 19. f4 Ng4 20. f5 Nce5 21. Kh3 Kd7 22. Ndf4 Ne3 23. Qe1 Nxf1 24. Qxf1 Qe8 25. Qd1 Ng4 26. c4 Qf7 27. Qa4+ Kc7 28. Ne6+ Kb8 29. Qd7 Qxh5 0-1


[Site "https://www.chess.com"]

[Event "Titled Tuesday Blitz August 22 Early 2023"]
[White "Balint, Vilmos"]
[Black "Derichs, Roger"]
[WhiteFideId "718050"]
[BlackFideId "4630076"]
[WhiteElo "2233"]
[BlackElo "2454"]
[Result "1-0"]
[Round "6"]
[TimeControl "180+1"]
[Date "2023.08.22"]
[WhiteClock "0:01:09"]
[BlackClock "0:00:10"]
[Board "168"]

1. e4 d6 2. d4 Nf6 3. Nc3 e5 4. f3 Nbd7 5. Be3 c6 6. Qd2 h5 7. a4 Be7 8. Bc4 Qc7 9. Nge2 b6 10. O-O Bb7 11. Rfd1 a6 12. Bb3 O-O 13. Bg5 b5 14. Ng3 g6 15. Nce2 Rfe8 16. Bh4 d5 17. Qh6 Bf8 18. Qg5 Nh7 19. Qe3 exd4 20. Nxd4 c5 21. Nde2 c4 22. Ba2 Bc5 23. Nd4 dxe4 24. Nxe4 Bxe4 25. fxe4 Qe5 26. Bf2 Qxe4 27. Qxe4 Rxe4 28. axb5 axb5 29. Nxb5 Bxf2+ 30. Kxf2 Ne5 31. Nd6 Rf4+ 32. Kg1 Nf6 33. Rf1 Rxf1+ 34. Kxf1 Kg7 35. b4 Nc6 36. b5 Nd4 37. b6 Nxc2 38. b7 Rb8 39. Rc1 Nb4 40. Bxc4 Nc6 41. Bxf7 Na5 42. Rb1 Kf8 43. Be6 Ke7 44. Rb6 Nd7 45. Nc8+ Kd8 46. Rd6 Kc7 47. Rxd7+ Kc6 48. Rg7 Nxb7 49. Bd5+ Kc5 50. Bxb7 1-0


[Site "https://www.chess.com"]

[Event "Titled Tuesday Blitz August 22 Early 2023"]
[White "Ljukin, Sergei"]
[Black "parintele_chess"]
[WhiteFideId "14102200"]
[WhiteElo "2452"]
[BlackElo "2230"]
[Result "1-0"]
[Round "6"]
[TimeControl "180+1"]
[Date "2023.08.22"]
[WhiteClock "0:00:13"]
[BlackClock "0:00:15"]
[Board "169"]

1. e4 e5 2. Nf3 Nc6 3. Bb5 a6 4. Ba4 Nf6 5. Qe2 b5 6. Bb3 Bc5 7. c3 O-O 8. d3 h6 9. Be3 Bxe3 10. fxe3 d5 11. exd5 Nxd5 12. Nbd2 Na5 13. Bc2 c5 14. O-O Nc6 15. a4 Be6 16. d4 cxd4 17. exd4 exd4 18. Qe4 g6 19. Nxd4 Nxd4 20. Qxd4 Ne7 21. Qf4 Nf5 22. Bxf5 Bxf5 23. Qxh6 Qb6+ 24. Kh1 bxa4 25. Nf3 Qf6 26. Rxa4 Qg7 27. Qxg7+ Kxg7 28. Nd4 Bd3 29. Rd1 Bb5 30. Ra5 Rfb8 31. b3 Be8 32. Kg1 Rc8 33. Rd3 Kf6 34. Kf2 Bc6 35. g3 Bb7 36. Ke3 Re8+ 37. Kd2 Red8 38. Rc5 Kg7 39. Rc7 Bd5 40. c4 Be4 41. Ne6+ Kf6 42. Rxd8 Kxe6 43. Rxa8 Bxa8 44. Ra7 Bg2 45. Rxa6+ Ke5 46. Ra7 f5 47. Ke3 g5 48. Ra5+ Kf6 49. b4 Bf1 50. h4 f4+ 51. gxf4 gxh4 52. c5 h3 53. Ra2 Bg2 54. Kf2 h2 55. Kxg2 h1=Q+ 56. Kxh1 Kf5 57. Rd2 Kxf4 58. c6 Ke5 59. c7 Ke4 60. c8=Q Ke3 61. Qc3+ Ke4 62. Rd4+ Ke5 63. Qc5+ Ke6 64. Rd6+ Ke7 65. Qc7+ Ke8 66. Rd8# 1-0


[Site "https://www.chess.com"]

[Event "Titled Tuesday Blitz August 22 Early 2023"]
[White "Pert, Nina"]
[Black "Carroll, Thomas"]
[WhiteFideId "456853"]
[BlackFideId "450111"]
[WhiteElo "2222"]
[BlackElo "2445"]
[Result "1/2-1/2"]
[Round "6"]
[TimeControl "180+1"]
[Date "2023.08.22"]
[WhiteClock "0:00:04"]
[BlackClock "0:00:07"]
[Board "170"]

1. e4 e6 2. d4 d5 3. Nd2 dxe4 4. Nxe4 Bd7 5. Nf3 Bc6 6. Bd3 Nd7 7. c3 Ngf6 8. Ng3 Bd6 9. O-O O-O 10. Qc2 Bxf3 11. gxf3 c5 12. Be3 cxd4 13. Bxd4 Ne5 14. Bxe5 Bxe5 15. Rad1 Qc7 16. Kg2 Rfd8 17. Rfe1 h6 18. Qb3 Nd5 19. Be4 Nf4+ 20. Kg1 Qb6 21. Qxb6 axb6 22. a3 Rab8 23. Kf1 g6 24. Ne2 Nxe2 25. Kxe2 Bxh2 26. Rxd8+ Rxd8 27. Bxb7 h5 28. a4 h4 29. b4 Bf4 30. Kf1 Rd2 31. a5 bxa5 32. bxa5 Ra2 33. a6 Bd2 34. Re4 g5 35. c4 h3 36. Kg1 Bf4 37. Rxf4 gxf4 38. c5 h2+ 39. Kxh2 Rxf2+ 40. Kg1 Rc2 41. c6 Kf8 42. a7 Rc1+ 43. Kf2 Rc2+ 44. Ke1 Rc1+ 45. Kd2 Ra1 46. c7 Rxa7 47. Bc8 Kg7 48. Bb7 Rxb7 49. c8=Q Rb5 50. Qc3+ Kg6 51. Qd3+ Rf5 52. Qd8 Kg7 53. Ke2 Kg6 54. Qg8+ Kf6 55. Qg4 Ke7 56. Qh4+ Ke8 57. Kd3 Rd5+ 58. Ke4 Rf5 59. Qh8+ Ke7 60. Qb8 Kd7 61. Qb7+ Ke8 62. Qc7 Kf8 63. Qd8+ Kg7 64. Qh4 Kg6 65. Qg4+ Kf6 66. Qh4+ Kg7 67. Qe1 Kg6 68. Qg1+ Kh7 69. Qh2+ Kg6 70. Qh4 Kg7 71. Qg4+ Kf8 72. Qh4 Kg7 1/2-1/2


[Site "https://www.chess.com"]

[Event "Titled Tuesday Blitz August 22 Early 2023"]
[White "Arencibia Monduy, Antonio"]
[Black "Kuchava, Ana"]
[WhiteFideId "3507939"]
[BlackFideId "13605348"]
[WhiteElo "2439"]
[BlackElo "2187"]
[Result "1-0"]
[Round "6"]
[TimeControl "180+1"]
[Date "2023.08.22"]
[WhiteClock "0:01:08"]
[BlackClock "0:00:00"]
[Board "171"]

1. e4 c5 2. Nf3 d6 3. c3 Nf6 4. Bd3 Nc6 5. h3 g6 6. O-O Bg7 7. Bc2 O-O 8. d4 cxd4 9. cxd4 d5 10. e5 Ne8 11. Nc3 Nc7 12. Bf4 Ne6 13. Be3 a6 14. Bb3 Nc7 15. Rc1 Bf5 16. Qd2 Rc8 17. Na4 Ne6 18. Nh4 b5 19. Nc5 Nxc5 20. Rxc5 Be6 21. Rfc1 Qd7 22. Nf3 Na7 23. Qa5 Qb7 24. Rc7 Rxc7 25. Rxc7 Qb8 26. Rxe7 Nc6 27. Qa3 Nxe7 28. Qxe7 Rc8 29. Qb4 Qb6 30. Qd2 a5 31. a3 a4 32. Bc2 Qc6 33. Bd3 Bd7 34. Kh2 Bf8 35. Bg5 Qb6 36. Qf4 b4 37. Bf6 bxa3 38. bxa3 Qb3 39. Ba6 Rc2 40. Ng5 h6 41. Nf3 Qxa3 42. e6 1-0


[Site "https://www.chess.com"]

[Event "Titled Tuesday Blitz August 22 Early 2023"]
[White "Baruch, Liam"]
[Black "Herman, Daniel"]
[WhiteFideId "14322064"]
[BlackFideId "30935008"]
[WhiteElo "2163"]
[BlackElo "2436"]
[Result "0-1"]
[Round "6"]
[TimeControl "180+1"]
[Date "2023.08.22"]
[WhiteClock "0:00:02"]
[BlackClock "0:00:09"]
[Board "172"]

1. e4 e6 2. d4 d5 3. Nc3 Bb4 4. e5 c5 5. a3 Bxc3+ 6. bxc3 Ne7 7. Nf3 b6 8. Bb5+ Bd7 9. Bd3 Qc7 10. h4 h6 11. h5 Nbc6 12. a4 cxd4 13. cxd4 Nxd4 14. Bb2 Nxf3+ 15. Qxf3 Qc5 16. O-O Bc6 17. Ba3 Qd4 18. Rfe1 Qh4 19. g3 Qh3 20. Bf1 Qf5 21. Qc3 d4 22. Qd3 Qxh5 23. Bg2 Bxg2 24. Kxg2 Rd8 25. Qb5+ Kf8 26. Qb4 Re8 27. Re4 Kg8 28. Qxd4 Nf5 29. Qd7 Kh7 30. g4 Qg6 31. f3 Rd8 32. Qb5 Rd2+ 33. Re2 Nd4 34. Rxd2 Nxb5 35. axb5 Rc8 36. Bd6 Rxc2 37. Rd1 Rxd2+ 38. Rxd2 Qb1 39. Rf2 Qxb5 40. Ra2 a5 41. Rd2 a4 42. Ra2 Qc4 43. Ra3 b5 44. Re3 b4 45. Re4 Qc2+ 46. Kg3 b3 47. Rb4 b2 48. Rxa4 Qxa4 49. g5 hxg5 50. Ba3 Qh4+ 51. Kg2 b1=Q 52. Bc1 Qc2+ 0-1


[Site "https://www.chess.com"]

[Event "Titled Tuesday Blitz August 22 Early 2023"]
[White "MateoReyes"]
[Black "Cagara, Paulina"]
[BlackFideId "1124870"]
[WhiteElo "2432"]
[BlackElo "2151"]
[Result "1-0"]
[Round "6"]
[TimeControl "180+1"]
[Date "2023.08.22"]
[WhiteClock "0:01:20"]
[BlackClock "0:00:56"]
[Board "173"]

1. Nf3 f5 2. d4 Nf6 3. g3 g6 4. Bg2 Bg7 5. c4 d6 6. b3 O-O 7. Bb2 Qe8 8. d5 a5 9. Qc1 Nbd7 10. Nc3 e5 11. dxe6 Qxe6 12. O-O Ne5 13. Nd4 Qe7 14. Nd5 Nxd5 15. Bxd5+ Kh8 16. Bg2 a4 17. b4 a3 18. Bxa3 c5 19. bxc5 dxc5 20. Nb5 Be6 21. Bd5 Ng4 22. Bb2 Bxd5 23. Bxg7+ Kxg7 24. Qb2+ Nf6 25. cxd5 Rfd8 26. d6 Qd7 27. a4 Kf7 28. Qe5 Re8 29. Qc3 Ne4 30. Qc4+ Kg7 31. Rfd1 Ng5 32. Qxc5 Rac8 33. Qd4+ Kg8 34. Rac1 f4 35. Qd5+ Nf7 36. Rc7 Rxc7 37. dxc7 Qxd5 38. Rxd5 fxg3 39. hxg3 Kg7 40. Rd7 Kf6 41. Rxf7+ Kxf7 42. Nd6+ 1-0


[Site "https://www.chess.com"]

[Event "Titled Tuesday Blitz August 22 Early 2023"]
[White "Eggleston, Thomas A"]
[Black "Kriti Mayur Patel"]
[WhiteFideId "412139"]
[BlackFideId "35061780"]
[WhiteElo "2429"]
[BlackElo "2096"]
[Result "1-0"]
[Round "6"]
[TimeControl "180+1"]
[Date "2023.08.22"]
[WhiteClock "0:00:44"]
[BlackClock "0:00:15"]
[Board "174"]

1. d4 d5 2. Nf3 Nf6 3. Nbd2 e6 4. e3 c5 5. c3 c4 6. b3 b5 7. a4 Qa5 8. Bb2 b4 9. cxb4 Bxb4 10. bxc4 Ne4 11. cxd5 exd5 12. Bb5+ Ke7 13. Ba3 Bxa3 14. Rxa3 Bg4 15. O-O Nc3 16. Qb3 Nd7 17. Qxc3 Qb6 18. Bxd7 Bxd7 19. Rb1 Qf6 20. Ne5 Rhd8 21. Rb7 Rac8 22. Qb4+ Ke8 23. Rc3 Rxc3 24. Qxc3 Rc8 25. Nxd7 Rxc3 26. Nxf6+ gxf6 27. Rxa7 Rc2 28. Nf1 Ra2 29. a5 Kf8 30. a6 Kg7 31. g3 Ra1 32. Kg2 Kg6 33. g4 f5 34. gxf5+ Kxf5 35. Ng3+ Kg6 36. Kf3 f6 37. Kf4 h6 38. Nf5 h5 39. Ne7+ Kh7 40. Nxd5+ Kh6 41. Kf5 h4 42. Nxf6 Rxa6 43. Rh7# 1-0


[Site "https://www.chess.com"]

[Event "Titled Tuesday Blitz August 22 Early 2023"]
[White "Feliz Dotel, Dewar Bienvenido"]
[Black "Aggelis, Nikolaos"]
[WhiteFideId "6402801"]
[BlackFideId "4213220"]
[WhiteElo "2144"]
[BlackElo "2573"]
[Result "0-1"]
[Round "6"]
[TimeControl "180+1"]
[Date "2023.08.22"]
[WhiteClock "0:00:00"]
[BlackClock "0:01:07"]
[Board "175"]

1. d4 f5 2. e3 Nf6 3. Nf3 g6 4. Be2 Bg7 5. O-O O-O 6. b4 d6 7. c4 Nbd7 8. Bb2 Qe8 9. d5 e5 10. dxe6 Qxe6 11. Ng5 Qe8 12. Bf3 Ne5 13. Bxe5 Qxe5 14. Na3 Ne4 15. Nxe4 fxe4 16. Be2 Be6 17. Rc1 c6 18. b5 Qc5 19. Qa4 Bb2 20. bxc6 bxc6 21. Nc2 Bxc1 22. Rxc1 Rab8 23. Nd4 Bd7 24. Qc2 Rfe8 25. h3 Qa3 26. Bg4 Rb2 27. Qd1 Bxg4 28. Qxg4 Rxf2 29. Rb1 Qxe3 30. Nc2 Rxc2+ 0-1


[Site "https://www.chess.com"]

[Event "Titled Tuesday Blitz August 22 Early 2023"]
[White "Ribeiro, Matheus Mendes Domingues"]
[Black "Labussiere, Yago"]
[WhiteFideId "324226923"]
[BlackFideId "2186969"]
[WhiteElo "2553"]
[BlackElo "2380"]
[Result "1-0"]
[Round "6"]
[TimeControl "180+1"]
[Date "2023.08.22"]
[WhiteClock "0:00:17"]
[BlackClock "0:00:05"]
[Board "176"]

1. c4 e5 2. Nc3 Nc6 3. Nf3 g6 4. d4 d6 5. dxe5 Nxe5 6. Nxe5 dxe5 7. Qxd8+ Kxd8 8. Bd2 c6 9. O-O-O Kc7 10. g3 Be6 11. b3 Rd8 12. Bg2 Bc5 13. Ne4 Ba3+ 14. Kc2 Bf5 15. Bc3 Re8 16. b4 Nf6 17. f3 a5 18. Kb3 Nxe4 19. fxe4 axb4 20. exf5 bxc3 21. Kxa3 gxf5 22. Kb3 e4 23. Rhf1 Re5 24. Bh3 Rhe8 25. Rxf5 Rxf5 26. Bxf5 h6 27. Rf1 Kd6 28. Rf4 e3 29. Re4 Rg8 30. Rxe3 Kc5 31. Kxc3 Ra8 32. Kb3 Rd8 33. Bd3 1-0


[Site "https://www.chess.com"]

[Event "Titled Tuesday Blitz August 22 Early 2023"]
[White "Forgacs, Attila Jr."]
[Black "Gutkin, Ilya"]
[WhiteFideId "773654"]
[BlackFideId "16203470"]
[WhiteElo "2481"]
[BlackElo "2366"]
[Result "0-1"]
[Round "6"]
[TimeControl "180+1"]
[Date "2023.08.22"]
[WhiteClock "0:00:09"]
[BlackClock "0:00:17"]
[Board "177"]

1. e4 e5 2. Nf3 Nc6 3. Bb5 Nf6 4. d3 Bc5 5. c3 O-O 6. O-O Re8 7. Nbd2 Bf8 8. h3 d6 9. Re1 Bd7 10. Nf1 Ne7 11. Bc4 Ng6 12. Ng5 Nh8 13. f4 c6 14. fxe5 dxe5 15. Ng3 h6 16. Nf3 Ng6 17. Be3 Be6 18. Bxe6 Rxe6 19. Nf5 Ne7 20. Qd2 Nxf5 21. exf5 Rd6 22. Nxe5 Rd5 23. d4 c5 24. c4 cxd4 25. cxd5 dxe3 26. Qxe3 Qxd5 27. Rad1 Qa5 28. Kh1 Qxa2 29. Qc3 a5 30. Qc7 b5 31. Qb7 Re8 32. Qxb5 Rc8 33. Nd7 Nxd7 34. Rxd7 Rc5 35. Qd3 Qxb2 36. Rd8 Qb6 37. f6 Qxf6 38. Rf1 Qb6 39. Ra8 g6 40. Qf3 Qe6 41. Qb7 Kg7 42. Qb8 Qe7 43. Qb2+ Qe5 44. Qxe5+ Rxe5 45. Ra1 Bb4 46. Kg1 Rf5 47. g4 Rf3 48. Kg2 Rf4 49. Ra2 g5 50. Ra6 f6 51. Ra7+ Kg6 52. Rc2 h5 53. gxh5+ Kxh5 54. Rcc7 Kg6 55. Rg7+ Kf5 56. Ra6 Rc4 57. Rf7 Bc3 58. Rc7 Rxc7 59. Rb6 Be5 60. Rb3 Rc2+ 61. Kf3 Rc3+ 62. Rxc3 Bxc3 63. h4 gxh4 64. Kg2 h3+ 65. Kxh3 a4 66. Kg2 a3 67. Kf3 a2 68. Ke2 a1=Q 69. Kd3 Qd1+ 70. Kc4 Ke4 71. Kb5 Be5 72. Kc4 Qc2+ 73. Kb5 Kd5 74. Ka6 Qb3 75. Ka7 Kc6 76. Ka8 Qb7# 0-1


[Site "https://www.chess.com"]

[Event "Titled Tuesday Blitz August 22 Early 2023"]
[White "Pavlidou, Ekaterini"]
[Black "Berezin, Viktor"]
[WhiteFideId "4213262"]
[BlackFideId "14107872"]
[WhiteElo "2351"]
[BlackElo "2481"]
[Result "1-0"]
[Round "6"]
[TimeControl "180+1"]
[Date "2023.08.22"]
[WhiteClock "0:00:14"]
[BlackClock "0:00:04"]
[Board "178"]

1. d4 Nf6 2. c4 e6 3. Nc3 b6 4. a3 Bb7 5. Qc2 d6 6. Bg5 Be7 7. Nf3 h6 8. Bh4 Nh5 9. Bxe7 Qxe7 10. e4 e5 11. dxe5 dxe5 12. Nd5 Bxd5 13. cxd5 O-O 14. Qc3 Nd7 15. Rc1 Nhf6 16. Bd3 Nc5 17. O-O Rac8 18. Rfe1 Nfd7 19. b4 Nxd3 20. Qxd3 Rfd8 21. Rc6 Nb8 22. Rc2 c6 23. Qc3 c5 24. Qxe5 Qb7 25. b5 Re8 26. Qc3 Nd7 27. Rd2 Nf6 28. Rde2 Qd7 29. Ne5 Qxb5 30. Nc4 Qd7 31. a4 Rcd8 32. Qc2 Ng4 33. f3 Ne5 34. Ne3 Ng6 35. g3 Ne5 36. Kg2 c4 37. f4 Nd3 38. Nxc4 Nxe1+ 39. Rxe1 Rc8 40. Qb3 Qc7 41. Ne5 Qc2+ 42. Qxc2 Rxc2+ 43. Kf3 Rc3+ 44. Re3 Rc7 45. d6 Rb7 46. Rd3 Rd8 47. Nc6 Rdd7 48. e5 Kf8 49. Nb4 Ke8 50. Nd5 Kd8 51. Rc3 a6 52. Ke4 b5 53. a5 b4 54. Rc1 Rb5 55. Nb6 Rxb6 56. axb6 Rb7 57. Kd5 Rxb6 58. Kc5 Rb8 59. Ra1 b3 60. Kc4 b2 61. Rb1 a5 62. Kc3 a4 63. Rxb2 Rc8+ 64. Kb4 Ra8 65. Ka3 Kd7 66. Rb4 Ke6 67. Rxa4 Rc8 68. Ra7 Rc2 69. Re7+ Kf5 70. d7 Rd2 71. Rxf7+ Ke6 72. Rxg7 Rxd7 73. Rxd7 Kxd7 74. Kb4 1-0


[Site "https://www.chess.com"]